cohdb
Replays
Latest Replays
All Replays
Popular Replays
Top Player Replays
Match Explorer
How It Works
Community
CoH3 Stats
Reddit
Sign in to upload your games and track your stats! →
Sign in with Steam
Match 39576815
Unlisted
Match 39576815
Overview
Messages
Build Orders
End
Selects Terror Battlegroup
Selects Machine Gun Camouflage
Construct Infanterie Kompanie
Kettenkrad Recon Vehicle
MG 42 Machine Gun Team
Grenadier Squad
MG 42 Machine Gun Team
Construct Panzergrenadier Kompanie
251 Medium Carrier
Medical Bunker
Pak 40 Anti-tank Gun Team
Forward Retreat Point
Selects Contempt for the Weak
Support Elements
Nebelwerfer 42 Rocket Launcher Team
Pak 40 Anti-tank Gun Team
Construct Panzer Kompanie
Selects Propaganda Leaflet Drop
MG 42 Bunker
Propaganda Leaflet Drop
Panzer IV Medium Tank
Panzergrenadier Squad
Selects V1 Rocket Strike
MG 42 Bunker
Grenadier Squad
Panzer IV Medium Tank
Side Skirts
Selects No Quarter
V1 Rocket Strike
MG 42 Bunker
V1 Rocket Strike
Panzer IV Medium Tank
Panzer IV Medium Tank
Panzer IV Medium Tank
Propaganda Leaflet Drop
bearskill123
Yaas
thatbloke98
Sparkle
Mo-J
Wheeler
0
0
Comments
sign in to comment!
No comments posted yet!